 Dungeon Crawl Stone Soup version 0.29.1-2-gbd0b4ee654 (webtiles) character file.

Game seed: 10958998925107519526

377 lmSkywalker the Digger (level 6, -1/32 HPs)
             Began as a Gargoyle Earth Elementalist on Nov 26, 2022.
             Slain by an orc
             ... wielding a +2 short sword of protection
              (5 damage)
             ... on level 4 of the Dungeon.
             The game lasted 00:16:48 (5186 turns).

lmSkywalker the Digger (GrEE)                       Turns: 5186, Time: 00:16:49

Health: -1/32      AC:  6    Str: 12    XL:     6   Next: 73%
Magic:  7/11       EV: 11    Int: 23    God:
Gold:   166        SH:  0    Dex: 10    Spells: 6/12 levels left

rFire   + . .      SeeInvis .   s - +1 hand axe (vorpal)
rCold   + . .      Faith    .   (no shield)
rNeg    + . .      Spirit   .   a - +0 robe
rPois   ∞          Reflect  .   (no helmet)
rElec   +          Harm     .   y - scarf {rC+ rF+}
rCorr   .          Rampage  .   (no gloves)
Will    .....                   (no boots)
Stlth   ++........              (no amulet)
HPRegen 0.10/turn               u - +6 ring of intelligence
MPRegen 0.12/turn               (no ring)

@: no status effects
A: sickness immunity, AC +4, negative energy resistance 1, electricity
resistance, torment resistance 1, petrification resistance
a: no special abilities


You were on level 4 of the Dungeon.
You visited 1 branch of the dungeon, and saw 5 of its levels.

You collected 166 gold pieces.

Inventory:

Hand Weapons
 d - a +0 dagger
 e - a +4 dagger
 s - a +1 vorpal hand axe (weapon)
Armour
 a - a +0 robe (worn)
 i - a +0 ring mail of cold resistance
 t - a +0 cloak
 y - a scarf of resistance (worn)
Jewellery
 o - an amulet of faith
 u - a +6 ring of intelligence (left hand)
Scrolls
 c - a scroll of immolation {unknown}
 g - a scroll of fog {unknown}
 h - 8 scrolls of identify
 k - a scroll of brand weapon {unknown}
 n - a scroll of amnesia {unknown}
 q - a scroll of enchant weapon {unknown}
 r - a scroll of teleportation {unknown}
 v - a scroll of vulnerability {unknown}
 w - a scroll of poison {unknown}
 x - a scroll of noise {unknown}
Potions
 b - a potion of magic
 f - 4 potions of curing
 j - 3 potions of heal wounds
 l - a potion of invisibility
 m - 2 potions of brilliance
 p - a potion of mutation


   Skills:
 - Level 1.5 Dodging
 + Level 4.5 Stealth
 + Level 3.5 Spellcasting
 + Level 2.4 Conjurations
 - Level 1.7 Transmutations
 + Level 5.4 Earth Magic


You had 6 spell levels left.
You knew the following spells:

 Your Spells              Type           Power      Damage    Failure   Level
a - Sandblast             Erth           58%        2d13      1%          1
b - Passwall              Tmut/Erth      16%        N/A       3%          2
c - Stone Arrow           Conj/Erth      44%        3d9       7%          3

Your spell library contained the following spells:

 Spells                   Type           Power      Damage    Failure   Level
 Apportation              Tloc           8%         N/A       11%         1
 Petrify                  Tmut/Erth      20%        N/A       26%         4
 Alistair's Intoxication  Tmut/Pois      5%         N/A       91%         5


Dungeon Overview and Level Annotations

Branches:
Dungeon (5/15)
 Temple: D:4-7

Altars:
Dithmenos
Fedhas
Kikubaaqudgha
Qazlal
Vehumet

Shops:
D:2 =

Annotations:
D:4 Dowan, Duvessa


Innate Abilities, Weirdness & Mutations

You are immune to sickness and miasma.
Your stone body is resilient. (AC +4)
You are immune to poison.
You resist negative energy. (rN+)
You are resistant to electric shocks. (rElec)
You are resistant to unholy torment.
You are immune to petrification.


Message History

The orc attacks as you move away! The orc completely misses you.
The orc attacks as you move away! The orc closely misses you.
The orc attacks as you move away!
The orc hits you with a +2 short sword of protection.
The orc attacks as you move away! The orc hits you but does no damage.
There is a stone staircase leading up here.
The orc hits you with a +2 short sword of protection.
You climb upwards.
Level annotation: Dowan, Duvessa
There is a stone staircase leading down here.
You are too injured to fight recklessly!
Aiming: Sandblast (safe; 1% risk of failure)
Press: ? - help, Q - select action, (/) - cycle Shift-Dir - straight line, f - orc
Aim: an orc, wielding a +2 short sword of protection and wearing a +0 ring mail (85% to hit)
The blast of sand hits the orc.
The orc is moderately wounded.
The orc barely misses you.
Aiming: Sandblast (safe; 1% risk of failure)
Press: ? - help, Q - select action, (/) - cycle Shift-Dir - straight line, f/p - orc
Aim: an orc, wielding a +2 short sword of protection and wearing a +0 ring mail (moderately wounded, 85% to hit)
The blast of sand hits the orc but does no damage.
The orc is moderately wounded.
The orc hits you with a +2 short sword of protection.
* * * LOW HITPOINT WARNING * * *
The orc hits you with a +2 short sword of protection.
* * * LOW HITPOINT WARNING * * *
Aiming: Sandblast (safe; 1% risk of failure)
Press: ? - help, Q - select action, (/) - cycle Shift-Dir - straight line, f/p - orc
Aim: an orc, wielding a +2 short sword of protection and wearing a +0 ring mail (moderately wounded, 85% to hit)
The blast of sand hits the orc but does no damage.
The orc is moderately wounded.
The orc closely misses you.
Aiming: Sandblast (safe; 1% risk of failure)
Press: ? - help, Q - select action, (/) - cycle Shift-Dir - straight line, f/p - orc
Aim: an orc, wielding a +2 short sword of protection and wearing a +0 ring mail (moderately wounded, 85% to hit)
The blast of sand hits the orc but does no damage.
The orc is moderately wounded.
The orc hits you but does no damage.
The orc hits you with a +2 short sword of protection.
You die...

#.# #.# ..########## #.#
#.##.......# ##.##
#.##.......####[#.#
..##..###.........# #[##..#
#...#####.#
..##..###...#####.#
####...........##.#
####........##..@.#
#.......###.##..#o#
#.#.......#.......#
#.#.......####..###
#.#.......####..#######
#.#...................#
#.#.......####..#####.######
..........####..####.......#
###.......<............###.#


You could see an orc.

Vanquished Creatures
  An ogre (D:4)
  A scorpion (D:4)
  2 hounds (D:4)
  2 jellies
  3 adders
  A white imp (D:4)
  An orc (D:3)
  5 bats
  6 endoplasms
  3 giant cockroaches
  13 goblins
  12 hobgoblins
  6 kobolds
  A quokka (D:1)
  4 ball pythons
  2 frilled lizards
  6 rats
69 creatures vanquished.

Notes
Turn   | Place    | Note
-------+----------+-------------------------------------------
     0 | D:1      | lmSkywalker the Gargoyle Earth Elementalist began the quest
                  | for the Orb.
     0 | D:1      | Reached XP level 1. HP: 10/10 MP: 3/3
   431 | D:1      | Reached skill level 1 in Transmutations
   680 | D:1      | Reached XP level 2. HP: 15/15 MP: 3/5
   704 | D:1      | Found a faded altar of an unknown god.
  1223 | D:2      | Learned a level 2 spell: Passwall
  1309 | D:2      | Reached skill level 4 in Earth Magic
  1537 | D:2      | Found Omnaptea's Jewellery Shop.
  1541 | D:2      | Reached XP level 3. HP: 19/19 MP: 4/6
  2373 | D:3      | Reached XP level 4. HP: 24/24 MP: 4/7
  2431 | D:3      | Learned a level 3 spell: Stone Arrow
  3408 | D:3      | Found a radiant altar of Vehumet.
  3417 | D:3      | Found a shadowy altar of Dithmenos.
  3543 | D:3      | Found a stormy altar of Qazlal.
  3546 | D:3      | Found an ancient bone altar of Kikubaaqudgha.
  3548 | D:3      | Found a blossoming altar of Fedhas.
  3804 | D:3      | Reached XP level 5. HP: 28/28 MP: 7/9
  4060 | D:4      | Reached skill level 1 in Conjurations
  4334 | D:4      | Reached skill level 5 in Earth Magic
  4501 | D:4      | Reached XP level 6. HP: 32/32 MP: 8/10
  4925 | D:4      | Noticed Duvessa
  4925 | D:4      | Noticed Dowan
  5066 | D:5      | Entered Level 5 of the Dungeon
  5186 | D:4      | Slain by an orc

Illustrated notes

Levels and vault maps discovered:
D:1:      dpeg_arrival_boxes_within_box, layout_loops_ring,
          ebering_ecumenical_altar_rust
D:2:      layout_loops_ring, serial_shops, nicolae_shop_trees
D:3:      minmay_goblin_kobold_castle, layout_loops_ring,
          grunt_temple_overflow_diamond, mainiacjoe_overflow_swirl
D:4:      layout_loops_cross, palyth_stone_intersect, uniq_duvessa
D:5:      layout_basic, ebering_ghost_disaster_area

Skill      XL: |  1  2  3  4  5  6 |
---------------+-------------------+-----
Transmutations | 1 |  1.7
Earth Magic    | 4 5 |  5.4
Stealth        | 3 4 |  4.5
Spellcasting   | 3 |  3.5
Conjurations   | 1 2 |  2.4
Dodging        | |  1.5

Action                   |  1- 3 |  4- 6 || total
-------------------------+-------+-------++-------
Melee: Dagger            |    28 |    21 ||    49
       Punch             |     1 |       ||     1
       Hand axe          |       |    18 ||    18
 Cast: Sandblast         |    29 |    48 ||    77
       Passwall          |       |     1 ||     1
  Use: Scroll            |     3 |     2 ||     5
 Stab: Sleeping          |     3 |       ||     3
Armor: Robe              |     6 |    21 ||    27
Dodge: Dodged            |    16 |    46 ||    62
